Map: Romanticide LE

Players

HeroMarine

  • Race: Terran Terran

maru - Winner!

  • Race: Terran Terran

Event: ASUS ROG Fall 2021

VOD

Have the link to the VOD?

Description

Time

  • Played on: Sept. 19, 2021, 1:44 p.m.
  • Length: 9:43

All games in this series

Show
View Real Time Build Order
Export as new Build Order

HeroMarine Terran 

Build Orders: Gas First Reaper Expand 

Get SALT Encoding   

  12  0:00  SCV  
  13  0:12  SCV  
  14  0:17  Supply Depot  
  14  0:24  SCV  
  14  0:27  Refinery  
  15  0:39  SCV  
  16  0:44  Barracks  
  16  0:51  SCV  
  17  1:03  SCV  
  18  1:15  SCV  
  19  1:31  Reaper, Orbital Command  
  20  1:43  Command Center  
  20  1:54  Factory  
  20  1:58  SCV  
  21  2:05  Barracks Reactor  
  21  2:10  SCV  
  21  2:14  Supply Depot  
  22  2:17  Refinery  
  22  2:23  SCV  
  23  2:35  SCV  
  24  2:44  Hellion x2, Starport  
  24  2:47  SCV  
  29  2:55  Orbital Command  
  29  2:59  SCV  
  30  3:06  Hellion  
  30  3:08  Hellion  
  30  3:10  Barracks Tech Lab  
  30  3:12  SCV  
  35  3:22  SCV  
  35  3:24  SCV  
  37  3:29  Refinery  
  37  3:32  Raven  
  37  3:34  SCV  
  40  3:36  SCV  
  40  3:37  Marine x2  
  40  3:39  Factory Tech Lab  
  43  3:44  Supply Depot  
  43  3:46  SCV  
  44  3:48  SCV  
  44  3:52  Supply Depot  
  44  3:54  Marine  
  46  4:05  SCV x2, Siege Tank  
  46  4:06  Marine  
  51  4:12  Marine  
  50  4:17  SCV x2  
  50  4:20  Raven  
  53  4:24  Marine  
  53  4:29  SCV  
  53  4:30  Marine, SCV  
  53  4:42  Marine, SCV x2  
  56  4:47  Supply Depot  
  56  4:48  Marine  
  56  4:50  Cyclone  
  60  4:54  SCV x2  
  62  5:00  Marine  
  62  5:07  Supply Depot  
  62  5:09  Marine, Raven, SCV x2  
  67  5:20  Marine  
  70  5:21  SCV x2  
  70  5:25  Supply Depot  
  70  5:29  Siege Tank  
  70  5:33  SCV x2  
  75  5:38  Command Center  
  75  5:45  SCV x2  
  73  5:57  SCV x2  
  73  5:59  Viking x2, Stimpack  
  73  6:01  Siege Tank  
  79  6:07  Refinery  
  79  6:09  SCV x2  
  79  6:11  Marine  
  82  6:14  Barracks  
  82  6:15  Barracks  
  82  6:21  SCV x2, Engineering Bay  
  82  6:22  Engineering Bay  
  84  6:26  Supply Depot  
  84  6:29  Marine  
  85  6:36  SCV x2, Viking x2  
  91  6:42  Siege Tank  
  94  6:47  Marine  
  94  6:48  Terran Infantry Weapons Level 1  
  94  6:52  Terran Infantry Armor Level 1, SCV x2  
  97  7:04  Barracks Reactor x2, SCV x2  
  97  7:05  Marine  
  97  7:06  Barracks  
  98  7:09  Viking  
  98  7:14  Orbital Command  
  100  7:17  SCV  
  100  7:19  SCV  
  101  7:26  Viking  
  101  7:29  SCV  
  104  7:31  SCV  
  104  7:32  Refinery x2  
  104  7:35  Supply Depot  
  105  7:39  Viking  
  105  7:42  Sensor Tower  
  105  7:43  Supply Depot  
  106  7:45  Marine x3  
  106  7:46  SCV  
  106  7:47  SCV x2  
  106  7:48  Marine x2  
  114  7:56  Barracks  
  114  7:57  Barracks Reactor  
  113  7:59  SCV x3  
  113  8:02  Siege Tank  
  113  8:03  Marine x3  
  118  8:05  Marine  
  118  8:06  Marine  
  118  8:11  SCV x3  
  122  8:13  Combat Shield  
  122  8:19  Armory  
  122  8:21  Marine x3  
  122  8:23  Marine x2, SCV x3, Supply Depot  
  122  8:26  Medivac  
  132  8:31  Medivac  
  132  8:33  Marine  
  135  8:39  Marine x3  
  135  8:41  Command Center  
  138  8:44  Siege Tank  
  141  8:49  Marine x2  
  141  8:53  Marine  
  141  8:54  Marine  
  146  8:56  Marine, Medivac  
  146  9:02  Marine, Barracks Reactor  
  149  9:04  Supply Depot x2  
  149  9:08  SCV  
  149  9:09  Marine, SCV x2, Medivac  
  149  9:10  Marine x2  
  126  9:28  SCV x2  
  126  9:29  SCV  
Show
View Real Time Build Order
Export as new Build Order

maru Terran - Winner!

Build Orders:  

Get SALT Encoding   

  12  0:00  SCV  
  13  0:12  SCV  
  14  0:17  Supply Depot  
  14  0:24  SCV  
  15  0:39  SCV  
  15  0:40  Barracks  
  16  0:43  Refinery  
  16  0:51  SCV  
  16  0:52  Refinery  
  17  1:03  SCV  
  18  1:15  SCV  
  19  1:27  Reaper, Orbital Command  
  19  1:30  Supply Depot  
  20  1:40  Factory  
  20  1:53  SCV  
  21  2:00  Barracks Reactor  
  21  2:05  SCV  
  22  2:17  SCV  
  22  2:19  Command Center  
  23  2:24  Hellion  
  23  2:29  SCV  
  27  2:37  Reaper x2  
  27  2:41  Supply Depot  
  27  2:42  SCV  
  29  2:47  Hellion  
  31  2:57  Starport  
  31  3:02  SCV  
  32  3:09  Reaper x2, Hellion  
  36  3:14  SCV  
  37  3:24  Refinery  
  37  3:26  SCV  
  38  3:31  Orbital Command, Factory Tech Lab  
  38  3:33  Starport Tech Lab  
  38  3:41  Marine x2  
  39  3:45  Supply Depot  
  40  3:50  Cyclone  
  40  3:51  SCV  
  44  3:57  SCV  
  44  3:58  Raven  
  44  4:02  Marine  
  48  4:03  Marine  
  49  4:11  SCV  
  50  4:18  SCV  
  50  4:20  Marine x2  
  53  4:27  Siege Tank  
  53  4:29  SCV  
  53  4:34  SCV  
  53  4:38  Marine x2  
  55  4:42  Raven  
  55  4:43  SCV  
  58  4:48  SCV  
  58  4:50  Supply Depot  
  59  4:55  SCV  
  59  4:56  Marine, Command Center  
  60  5:00  SCV  
  61  5:07  SCV  
  61  5:12  Siege Tank  
  63  5:14  SCV  
  63  5:18  Supply Depot  
  63  5:19  SCV  
  65  5:26  SCV  
  66  5:31  SCV  
  67  5:37  Barracks  
  67  5:38  SCV  
  67  5:39  Barracks  
  67  5:41  Viking x2  
  72  5:43  Stimpack  
  72  5:44  SCV  
  72  5:49  Supply Depot  
  73  5:50  SCV  
  73  5:55  Siege Tank  
  73  5:56  SCV  
  75  6:02  Marine  
  75  6:03  SCV  
  77  6:06  Refinery  
  77  6:12  Viking x2  
  77  6:13  Orbital Command  
  77  6:14  SCV  
  77  6:15  SCV  
  83  6:25  Barracks Reactor  
  83  6:26  SCV  
  83  6:29  Barracks Reactor, Engineering Bay x2  
  83  6:30  SCV  
  85  6:37  Siege Tank  
  85  6:38  SCV  
  89  6:40  SCV  
  89  6:42  SCV  
  91  6:48  Supply Depot  
  91  6:50  Supply Depot  
  93  6:55  SCV x2  
  93  6:57  SCV  
  96  7:03  Terran Infantry Armor Level 1, Terran Infantry Weapons Level 1  
  96  7:04  Marine  
  96  7:07  SCV  
  98  7:10  Marine x4  
  98  7:13  Medivac x2  
  104  7:17  SCV  
  105  7:22  Marine  
  105  7:23  Siege Tank  
  105  7:26  SCV  
  105  7:28  Marine x3  
  113  7:31  SCV, Supply Depot  
  113  7:33  Barracks  
  113  7:34  Marine, Barracks  
  113  7:36  Combat Shield  
  115  7:37  SCV  
  115  7:38  SCV  
  115  7:42  Refinery  
  115  7:43  Refinery  
  117  7:44  Supply Depot  
  117  7:46  Supply Depot  
  117  7:53  Marine, SCV  
  117  7:56  Marine x2  
  121  8:00  Siege Tank  
  124  8:08  Supply Depot  
  124  8:10  Marine, Armory  
  124  8:11  SCV  
  126  8:13  Marine x3  
  126  8:14  Marine  
  126  8:16  Viking x2  
  134  8:20  SCV x2  
  134  8:22  Command Center  
  134  8:23  Barracks Reactor x2  
  136  8:31  Supply Depot  
  136  8:32  Supply Depot, Sensor Tower  
  136  8:33  SCV  
  137  8:37  Marine x4  
  137  8:39  Marine  
  137  8:41  SCV x2  
  144  8:50  Viking x2  
  144  8:55  Command Center  
  145  8:57  Marine x2  
  145  8:59  Siege Tank  
  149  9:03  Marine  
  150  9:12  SCV  
  150  9:18  Marine  
  145  9:29  SCV  
Tags
 
Add a new tag
Caveats
  • Supply blocks, unpowered buildings, or Contaminate may cause inaccurate times.
  • Supply counts are checked every 10 seconds.